Map: Moonlight Madness LE (Void)

Players

cumboi - Winner!

  • Race: Zerg Zerg
  • League: Grandmaster

wabbajack

  • Race: Zerg Zerg
  • League: Grandmaster

VOD

Have the link to the VOD?

Description

Time

  • Played on: July 14, 2015, 1:05 p.m.
  • Length: 6:55
Show
View Real Time Build Order
Export as new Build Order

cumboi Zerg - Winner!

Build Orders: Hatch First 

Get SALT Encoding   

  12  0:01  Drone  
  13  0:09  Drone  
  14  0:17  Overlord  
  14  0:22  Extractor  
  14  0:23  Drone  
  15  0:35  Drone x2  
  17  0:44  Drone  
  18  0:56  Hatchery  
  17  0:59  Drone  
  18  1:13  Spawning Pool  
  18  1:15  Drone  
  18  1:17  Extractor  
  17  1:23  Drone  
  18  1:27  Drone  
  19  1:39  Overlord  
  19  1:50  Drone  
  20  2:00  Queen  
  20  2:01  Spine Crawler  
  21  2:03  Zergling x2  
  22  2:08  Zergling x2  
  22  2:09  Queen  
  22  2:13  Zergling x2  
  26  2:17  Metabolic Boost  
  26  2:20  Zergling x2  
  27  2:30  Zergling x4  
  29  2:54  Queen  
  29  2:56  Pneumatized Carapace  
  30  3:04  Overlord  
  30  3:14  Baneling Nest  
  30  3:17  Drone x6  
  35  3:22  Zergling x2  
  36  3:34  Zergling x6  
  36  3:35  Zergling x2  
  36  3:39  Drone  
  41  3:55  Zergling x6  
  42  4:03  Overlord  
  42  4:04  Overlord  
  42  4:13  Overlord  
  42  4:18  Baneling x6  
  42  4:22  Drone  
  42  4:23  Drone x5  
  48  4:31  Baneling  
  48  4:32  Drone x3  
  51  4:38  Drone x2  
  51  4:39  Drone  
  54  4:46  Drone x3  
  55  5:10  Roach Warren, Extractor  
  55  5:12  Evolution Chamber  
  52  5:31  Zergling x22  
  52  5:33  Hatchery  
  62  5:39  Extractor  
  61  5:46  Overlord x3  
  61  5:47  Overlord  
  61  5:55  Lair  
  61  5:56  Drone x6  
  67  6:07  Extractor  
  67  6:08  Drone x2  
  67  6:09  Drone  
  67  6:10  Drone x2  
  67  6:11  Drone x2  
  73  6:15  Drone  
  73  6:35  Drone  
  73  6:36  Drone x3  
  77  6:44  Evolution Chamber  
  74  6:47  Extractor  
  74  6:51  Extractor  
Show
View Real Time Build Order
Export as new Build Order

wabbajack Zerg 

Build Orders: Pool First 

Get SALT Encoding   

  12  0:04  Drone  
  13  0:13  Extractor  
  12  0:28  Spawning Pool  
  11  0:38  Overlord  
  11  0:40  Drone  
  12  0:48  Drone  
  13  1:16  Zergling x6  
  16  1:23  Metabolic Boost  
  16  1:30  Zergling x2  
  17  1:33  Queen  
  19  2:00  Drone x2, Overlord  
  21  2:12  Drone  
  22  2:23  Drone  
  22  2:28  Hatchery  
  22  2:38  Drone  
  22  3:07  Hatchery  
  22  3:09  Overlord  
  21  3:20  Drone  
  21  3:23  Overlord  
  22  3:28  Drone  
  22  3:29  Drone x4  
  27  3:39  Extractor  
  26  3:41  Roach Warren  
  27  4:00  Zergling x2  
  27  4:01  Zergling x6  
  28  4:08  Drone  
  28  4:09  Drone  
  28  4:22  Zergling x6  
  31  4:27  Roach x3  
  31  4:30  Roach  
  39  4:36  Roach  
  34  5:05  Drone x3  
  34  5:13  Drone x3  
  37  5:14  Drone x2  
  39  5:32  Queen  
  39  5:33  Overlord  
  39  5:34  Drone  
  42  5:40  Evolution Chamber  
  41  5:46  Evolution Chamber  
  40  5:50  Lair  
  40  5:58  Drone  
  40  5:59  Drone x2  
  43  6:06  Drone x3  
  46  6:11  Overlord  
  41  6:32  Drone x3, Spore Crawler  
  43  6:38  Drone x3  
  46  6:43  Spore Crawler  
  46  6:44  Spore Crawler  
Tags
 
Add a new tag
Caveats
  • Supply blocks, unpowered buildings, or Contaminate may cause inaccurate times.
  • Supply counts are checked every 10 seconds.